AoeStats
← Girthagoras

Marketplace

505125106Analyzed
1v1 RM · 25d ago on Sep 7, 2026· 61m 31s· 2 players
Game mode
Random Map
Map size
Tiny (2 player)
Population
200
Speed
Normal
Resources
Standard
Victory
Conquest
Starting age
Dark Age
Ending age
Imperial Age
RankedLock teamsTeams togetherTeam positionsShared explorationLock speedFull tech treeHidden civsTurbo modeCheats
Victory
Defeat
🇺🇸 Koreans · United States
919
+14
🇨🇴 Bulgarians · Colombia
881
-14
Tu Majestad
6:47 Loom
8:56 Feudal Age
9:59 Double-Bit Axe
13:09 Scale Mail Armor
15:33 Forging
22:06 Castle Age
26:06 Fletching
26:56 Bodkin Arrow
28:18 Scale Barding Armor
30:16 Husbandry
33:00 Chain Barding Armor
57:03 Bloodlines
Girthagoras
5:30 Loom
11:47 Feudal Age
12:36 Double-Bit Axe
13:08 Horse Collar
19:19 Castle Age
19:29 Crossbowman
24:42 Fletching
25:55 Thumb Ring
34:52 Pikeman
38:31 Bodkin Arrow
41:41 Pikeman
50:25 Imperial Age
49:21 Forging
49:13 Scale Mail Armor
Connection lost

Rejoining the realm…

Still unreachable

The connection could not be restored.

Session expired

The server has moved on; the page needs a fresh start.